Cogmind - Beta 15 @@@ ROGUE MODE // 2025.10.16 @ 01:23:51 Player: shapeshifter Result: Escaped singularity! Performance ------------- Evolutions (9) 4500 Regions Visited (28) 5600 Robots Destroyed (339) 1695 Value Destroyed (14365) 14365 Prototype IDs (66) 1320 Alien Tech Used (18) 3600 Bonus (47323) 47323 TOTAL SCORE: 78403 Bonus ------- Triggered High Security 500 Triggered Max Security 2000 High Alert Combat Kills 1436 Follower Combat Kills 2087 Met Zhirov 300 Met Warlord at Base 500 MAIN.C Attacked Warlord 500 Warlord Defense Kills 1582 Built Enhanced Grunts 300 A7 Reached Mainframe 300 Met R17 at Cetus 500 Used Core Reset Matrix 3000 Met R17 at Research 2000 Scanned by Researcher 1000 Pursued by Intercept 500 Integrated Exoskeleton 5000 Recovered Sigix Corpse 4000 Met MAIN.C 5000 Met Architect 300 Destroyed Architect 15000 Win 3000 Friendly Fire -1482 Cogmind --------- Core Integrity 212/1600 Matter 150/300 Energy 768/1030 System Corruption 0% +Membrane Temperature Cool (0) +ITN Movement Walking (30) Location Near Former Tau Ceti IV Parts ------- > --- POWER (1) -------- Light Particle Reactor > --- PROPULSION (3) --- Sigix Exoskeleton > --- UTILITY (4) ------ Large Storage Unit Advanced Energy Well Advanced Weapon Cycler > --- WEAPON (3) ------- Sigix Sheargun Core Cannon > --- INVENTORY (15) --- Microwarp Drive Sigix Sheargun Sigix Corpse Sigix Corpse Peak State ------------ > --- POWER ------------ Light Particle Reactor > --- PROPULSION ------- Sigix Exoskeleton > --- UTILITY ---------- Large Storage Unit Microwarp Drive > --- WEAPON ----------- Sigix Sheargun Core Cannon > --- INVENTORY -------- Advanced Energy Well Transdimensional Reconstructor Core Regenerator Integrity Redistributor Integrity Redistributor Integrity Redistributor Integrity Redistributor Sigix Sheargun Sigix Sheargun Sigix Corpse Sigix Corpse [Rating: 265] Favorites ----------- Power Quantum Reactor Engine Heavy Ion Engine Power Core Enhanced Nuclear Core Reactor Quantum Reactor Propulsion Light Treads Treads Light Treads Leg Sigix Exoskeleton Wheel Compact Wheel Hover Unit Cooled Gravmag System Flight Unit Improved Flight Unit Utility Machine Analyzer Device Advanced Heat Sink Storage Huge Storage Unit Processor Machine Analyzer Hackware Hacking Suite Protection Centrium Medium Armor Plating Artifact Microwarp Drive Weapon Improved Assault Rifle Energy Gun Advanced Variable Charge Gun Energy Cannon Advanced Beam Cannon Ballistic Gun Improved Assault Rifle Ballistic Cannon Improved Light Cannon Launcher Improved Proton Missile Launcher Special Weapon CPS Tube Impact Weapon Shock Maul Slashing Weapon Sigix Broadsword Build | -11 -10 -10 -9 -9 -9 -9 -6 -6 -6 -6 -5 -5 -5 -5 -4 -4 -4 -4 -4 -3 -3 -3 -2 -2 -2 -1 -1 -1 ------- Run | Yrd Mat Min Mat Sto Rec Scr Fac Ext Cet Arc Fac Upp Upp War Pro Fac Upp Upp Zhi Pro Res Tes Res Qua Sec Acc Com Ac0 Slots Evolved 18 | . . . 2 . . . 6 . . . 2 . . . . 2 . . . . 2 . 2 . . 2 . . Power 1 | . . . . . . . . . . . 1 . . . . . . . . . . . . . . . . . Propulsion 5 | . . . . . . . 2 . . . . . . . . . . . . . 2 . 1 . . . . . Utility 8 | . . . 1 . . . 3 . . . 1 . . . . 1 . . . . . . 1 . . 1 . . Weapon 4 | . . . 1 . . . 1 . . . . . . . . 1 . . . . . . . . . 1 . . Parts Attached 208 | 7 5 . 17 13 2 6 15 8 17 15 2 2 2 15 1 7 1 1 4 . 5 24 12 5 10 2 10 . Power 26 | 1 . . 5 . . . 2 . 2 2 . 2 . 1 . 1 . 1 1 . 1 3 1 . 1 1 1 . Engine 6 | 1 . . 5 . . . . . . . . . . . . . . . . . . . . . . . . . Core 4 | . . . . . . . 2 . 1 . . 1 . . . . . . . . . . . . . . . . Reactor 16 | . . . . . . . . . 1 2 . 1 . 1 . 1 . 1 1 . 1 3 1 . 1 1 1 . Propulsion 44 | 2 1 . 3 5 2 1 4 3 3 . . . . 1 1 . 1 . 1 . 1 6 5 1 3 . . . Treads 23 | 2 1 . 2 3 2 1 3 3 3 . . . . . 1 . 1 . . . 1 . . . . . . . Leg 1 | . . . . . . . 1 . . . . . . . . . . . . . . . . . . . . . Wheel 2 | . . . . 2 . . . . . . . . . . . . . . . . . . . . . . . . Hover 16 | . . . . . . . . . . . . . . . . . . . 1 . . 6 5 1 3 . . . Flight 2 | . . . 1 . . . . . . . . . . 1 . . . . . . . . . . . . . . Utility 78 | 2 2 . 2 1 . 3 6 4 2 9 2 . 2 8 . 5 . . 2 . 2 8 2 3 4 . 9 . Device 39 | 1 . . 1 . . . 3 2 . 5 . . 1 7 . 3 . . . . 2 5 . . 3 . 6 . Storage 9 | 1 1 . . . . . 1 1 . 1 . . . . . . . . 1 . . 1 1 . . . 1 . Processor 7 | . . . 1 . . 1 1 . . . . . . 1 . 1 . . . . . 1 1 . . . . . Hackware 12 | . . . . 1 . . 1 1 . . 2 . 1 . . 1 . . . . . 1 . 2 . . 2 . Protection 9 | . 1 . . . . 2 . . 2 3 . . . . . . . . 1 . . . . . . . . . Artifact 2 | . . . . . . . . . . . . . . . . . . . . . . . . 1 1 . . . Weapon 60 | 2 2 . 7 7 . 2 3 1 10 4 . . . 5 . 1 . . . . 1 7 4 1 2 1 . . Energy Gun 15 | 1 . . 5 2 . . . 1 2 1 . . . . . 1 . . . . . . . . 1 1 . . Energy Cannon 11 | . . . . 1 . . 2 . . . . . . 3 . . . . . . . 3 1 . 1 . . . Ballistic Gun 19 | 1 . . 2 4 . 2 1 . 2 3 . . . 2 . . . . . . . 1 1 . . . . . Ballistic Cannon 4 | . 2 . . . . . . . . . . . . . . . . . . . . 2 . . . . . . Launcher 2 | . . . . . . . . . 2 . . . . . . . . . . . . . . . . . . . Special Weapon 5 | . . . . . . . . . 4 . . . . . . . . . . . 1 . . . . . . . Impact Weapon 1 | . . . . . . . . . . . . . . . . . . . . . . 1 . . . . . . Slashing Weapon 3 | . . . . . . . . . . . . . . . . . . . . . . . 2 1 . . . . Piercing Weapon . | . . . . . . . . . . . . . . . . . . . . . . . . . . . . . Special Melee Weapon . | . . . . . . . . . . . . . . . . . . . . . . . . . . . . . Unidentified Prototypes 45 | . . . 4 2 . . 3 1 4 2 . . . 9 . 3 . . 5 . 1 6 2 3 . . . . Corrupted Parts 14 | . . . . . . . . . 8 6 . . . . . . . . . . . . . . . . . . System Corruption 108 | . . . . . . . . . 69 39 . . . . . . . . . . . . . . . . . . Parts Lost 48 | . 3 . 4 1 1 . 2 3 . . . 1 6 1 6 2 1 . . 1 2 11 . . 3 . . . Power 7 | . . . . . . . . . . . . . 2 . . . . . . 1 . 3 . . 1 . . . Propulsion 14 | . 1 . . 1 1 . 1 2 . . . . 1 . 1 . 1 . . . . 3 . . 2 . . . Utility 13 | . 2 . . . . . 1 . . . . . 1 . 2 2 . . . . 2 3 . . . . . . Weapon 14 | . . . 4 . . . . 1 . . . 1 2 1 3 . . . . . . 2 . . . . . . Highest Loss Streak 7 | . 2 . 1 1 1 . 2 3 . . . 1 5 1 4 2 1 . . 1 1 7 . . 3 . . . To Critical Strikes . | . . . . . . . . . . . . . . . . . . . . . . . . . . . . . Average Backups 17 | 3 6 13 13 12 12 14 18 22 23 22 22 22 19 21 16 16 16 17 20 23 24 19 8 12 10 9 8 2 Power 1 | 1 1 2 . 1 . . 2 2 1 1 2 1 . . 1 2 1 1 1 1 1 1 1 1 . . . . Propulsion 2 | 1 2 2 5 3 1 1 . . . 2 2 2 1 1 . . 1 1 2 4 4 3 2 3 1 . . . Utility 8 | . 1 3 4 5 6 6 8 14 13 11 11 11 10 12 8 7 8 9 10 11 10 8 2 3 2 1 2 1 Weapon 3 | . 1 6 2 2 4 3 2 2 5 4 4 3 4 3 4 4 4 4 4 4 4 3 2 2 1 1 1 1 Tool/Special . | . . . . . . . . . . . . . . . . . . . . . . . . . . . . . Unused Backups 58 | . 1 . 7 6 . 2 8 . 6 6 . 1 . 6 . . . . 3 1 2 2 3 3 1 . . . Power 3 | . . . 1 . . . . . 1 . . . . . . . . . . . . . 1 . . . . . Propulsion 12 | . . . . 4 . . 5 . . . . . . . . . . . . . . 1 1 . 1 . . . Utility 32 | . . . 3 1 . 2 3 . 5 6 . . . 3 . . . . 3 1 2 1 1 1 . . . . Weapon 10 | . 1 . 3 1 . . . . . . . 1 . 3 . . . . . . . . . 1 . . . . Tool/Special 1 | . . . . . . . . . . . . . . . . . . . . . . . . 1 . . . . Average Slot Usage (%) 84 | . 95 85 98 99 93 87 93 97 80 84 81 84 84 81 75 63 67 68 67 68 65 74 89 94 81 61 65 63 Engine 3 | . 14 14 11 11 11 11 1 . . . . . . . . . . . . . . . . . . . . . Reactor 4 | . . . . . . . . . . 5 5 5 7 5 5 6 10 10 10 10 9 8 8 8 8 9 9 9 Treads 15 | . 27 28 22 19 21 22 23 25 14 13 11 11 10 10 10 10 9 10 9 10 14 9 . . . . . . Hover 1 | . . . . . . . . . . . . . . . . . . . . . . 7 30 29 22 . . . Device 12 | . 7 . 11 1 . . 10 9 6 10 11 11 16 19 22 22 22 21 20 21 19 17 21 17 12 7 1 9 Storage 8 | . 14 14 11 11 11 11 6 6 6 10 5 5 5 5 5 5 8 10 10 10 9 4 4 4 5 9 9 18 Processor 6 | . . . 10 11 11 10 8 6 6 6 5 5 5 5 5 5 5 5 5 5 4 8 12 13 6 . . . Hackware 5 | . . . . 9 11 11 9 13 13 5 6 11 4 . . 4 5 5 5 5 4 5 . 3 . . 10 . Protection 2 | . 2 . . . . . . 3 6 4 10 5 5 8 5 3 . . . . . . . . . . . . Energy Gun 5 | . 11 . 29 1 . . . 1 2 1 . . 5 13 2 4 5 5 5 5 3 . . . 5 25 24 9 Energy Cannon 1 | . . . . . . . 9 9 . . . . . 1 2 . . . . . . 3 1 . . . 1 9 Ballistic Gun 11 | . 11 . 2 31 26 20 15 13 2 24 23 23 16 7 10 . . . . . . 3 8 13 9 . . . Peak Build Rating 265 | 7 10 10 23 25 24 27 67 70 118 128 136 136 139 148 145 157 152 148 153 151 164 172 171 190 219 265 261 235 Average Rating 95 | 4 7 10 19 23 22 21 50 65 90 121 132 131 129 140 135 151 147 147 149 150 161 142 153 179 201 231 233 233 On Entrance 112 | . 7 10 10 23 24 16 25 65 70 118 128 129 136 126 145 113 150 147 148 151 150 163 152 171 180 219 260 233 Naked Turns . | . . . . . . . . . . . . . . . . . . . . . . . . . . . . . Heaviest Build 181 | 14 36 33 38 38 37 45 105 118 130 140 147 149 157 162 155 159 159 159 159 156 159 181 85 84 89 61 61 55 Greatest Support 220 | 40 40 40 40 40 40 40 108 108 172 160 160 160 160 160 160 160 160 150 150 150 220 150 104 104 104 70 70 70 Greatest Overweight (x) 2 | . 1 . . 1 . 1 1 2 1 . . . . 1 . . 1 1 1 1 1 2 1 1 1 . . . Average Overweight (x) . | . . . . . . . . . . . . . . . . . . 1 . 1 . . . . . . . . Largest Inventory Capacity 25 | 8 15 15 15 15 15 15 25 25 25 25 25 25 25 25 25 25 25 25 25 25 25 25 15 15 15 15 15 15 Average Capacity 20 | 6 14 15 15 15 15 15 21 25 25 25 25 25 25 25 25 25 25 25 25 25 25 21 12 15 14 15 15 15 Most Carried 25 | 5 14 14 15 15 14 15 25 25 25 25 25 25 25 25 24 22 19 19 25 25 25 25 15 15 15 15 15 7 Average Carried 18 | 3 6 13 13 12 12 14 18 22 24 24 24 24 21 23 20 17 17 18 21 24 24 20 10 14 14 13 12 6 Final Capacity 25 | 8 15 15 15 15 15 15 25 25 25 25 25 25 25 25 25 25 25 25 25 25 25 10 15 15 15 15 15 15 Final Carried 25 | 4 13 14 14 14 14 14 22 25 25 25 24 25 22 25 22 19 17 19 25 24 25 10 15 15 15 11 11 6 Class Distribution -------------------- 27% | Scavenger-Tank 18% | Hacker-Tank 11% | Commander-Skirmisher 9% | Skirmisher 9% | Commander-Tank 7% | Mutant 3% | Commander-Mutant 3% | Scavenger-Skirmisher Dominant Class ---------------- Mutant | -10/Materials Mutant | -10/Mines Scavenger-Skirmisher | -9/Materials Skirmisher | -9/Storage Commander-Skirmisher | -9/Recycling Commander-Skirmisher | -9/Scraptown Commander-Skirmisher | -6/Factory Commander-Tank | -6/Extension Commander-Tank | -6/Cetus Scavenger-Tank | -6/Archives Scavenger-Tank | -5/Factory Scavenger-Tank | -5/Upper Caves Scavenger-Tank | -5/Upper Caves Scavenger-Tank | -5/Warlord Scavenger-Tank | -4/Proximity Caves Scavenger-Tank | -4/Factory Hacker-Tank | -4/Upper Caves Hacker-Tank | -4/Upper Caves Hacker-Tank | -4/Zhirov Hacker-Tank | -3/Proximity Caves Hacker-Tank | -3/Research Hacker-Tank | -3/Testing Scavenger-Scout | -2/Research Scavenger-Ninja | -2/Quarantine Alien-Sigix | -2/Section 7 Alien-Sigix | -1/Access Alien-Sigix | -1/Command Alien-Sigix | -1/Access_0 Resources | -11 -10 -10 -9 -9 -9 -9 -6 -6 -6 -6 -5 -5 -5 -5 -4 -4 -4 -4 -4 -3 -3 -3 -2 -2 -2 -1 -1 -1 ----------- Run | Yrd Mat Min Mat Sto Rec Scr Fac Ext Cet Arc Fac Upp Upp War Pro Fac Upp Upp Zhi Pro Res Tes Res Qua Sec Acc Com Ac0 Matter Collected 8363 | 271 262 234 207 605 248 9 562 385 301 550 140 333 502 301 242 42 115 155 58 197 285 916 448 232 430 92 241 . Remotely . | . . . . . . . . . . . . . . . . . . . . . . . . . . . . . Salvage Created 15677 | 19 408 211 1417 1152 524 . 1047 642 309 523 92 498 1082 409 654 307 90 310 . 1270 961 867 535 244 604 136 1141 225 Parts 779 | 4 27 11 74 85 25 . 54 26 14 29 8 17 44 9 22 12 3 15 . 34 69 55 25 17 29 10 61 . Haulers Intercepted 14 | . 1 . 5 4 . . 1 . . . . . . . . . . . . . 1 . 2 . . . . . Recyclers Shooed 3 | . . . . . . . 1 2 . . . . . . . . . . . . . . . . . . . . Parts Field Recycled . | . . . . . . . . . . . . . . . . . . . . . . . . . . . . . Retrieved Matter . | . . . . . . . . . . . . . . . . . . . . . . . . . . . . . Parts Self-Destructed 112 | . . . . . . . . . . . . 18 42 . 22 . 6 11 . 13 . . . . . . . . Prevented 2 | . . . . . . . . . . . . . 2 . . . . . . . . . . . . . . . Kills | -11 -10 -10 -9 -9 -9 -9 -6 -6 -6 -6 -5 -5 -5 -5 -4 -4 -4 -4 -4 -3 -3 -3 -2 -2 -2 -1 -1 -1 ------- Run | Yrd Mat Min Mat Sto Rec Scr Fac Ext Cet Arc Fac Upp Upp War Pro Fac Upp Upp Zhi Pro Res Tes Res Qua Sec Acc Com Ac0 Combat Hostiles Destroyed 243 | . 11 6 24 22 10 . 9 10 3 1 1 9 22 10 15 6 1 7 . 22 11 17 4 1 2 3 15 1 Melee 2 | . . . . . . . . . . . . . . . . . . . . . . . 1 1 . . . . Guns 135 | . 7 . 21 22 10 . 3 4 . 1 1 9 22 2 9 . . . . . . 2 3 . 1 3 15 . Cannons 46 | . 3 6 . . . . 6 3 . . . . . 7 6 . . . . . . 14 . . . . . 1 AOE 46 | . . . 1 . . . . . 1 . . . . . . 5 . 6 . 22 10 1 . . . . . . Classes Destroyed 23 | 1 5 2 3 . 2 . 1 . . . . . . 3 1 . . . . 1 . 1 . . . 1 2 . Worker 12 | . . 1 1 1 . . 2 . . . . . . . . . . . . . 4 . . . 2 . 1 . Builder 17 | . 1 . . . . . . 2 . . 1 . . . . . . . . . 6 4 . . 2 1 . . Tunneler 4 | 1 . . . . . . . . . . . . . . . 1 . . . . 2 . . . . . . . Hauler 14 | . 1 . 5 4 . . 1 . . . . . . . . . . . . . 1 . 2 . . . . . Recycler 7 | . . 1 1 . . . 3 . . . . . . . . . . . . . . 1 . . 1 . . . Operator 16 | . 1 . 1 1 . . . . . 8 . . . . . 1 . . . . 1 . . 2 . . 1 . Drone 2 | . . . . . . . . . . . . . . . . . . . . 2 . . . . . . . . Watcher 17 | . . . 5 2 . . 1 1 2 . . . . . . . . . . . 1 1 3 . 1 . . . Swarmer 71 | . 3 . 6 7 . . 3 2 . . . 3 8 . 5 4 . 5 . 8 4 8 2 . . . 3 . Cutter 8 | . . . . . . . . . . . . . . . . . . . . . . . . . . 3 5 . Grunt 72 | . 8 6 10 5 2 . 2 2 . . 1 4 12 3 3 . . 1 . 9 1 . . . . . 3 . Brawler 3 | . . . 1 . . . . . . . . . . 2 . . . . . . . . . . . . . . Duelist 2 | . . . . . 1 . 1 . . . . . . . . . . . . . . . . . . . . . Protector 1 | . . . . . . . . . . . . . . 1 . . . . . . . . . . . . . . Researcher 6 | . . . . . . . . . . . . . . . . . . . . . . 1 . 2 3 . . . Sentry 39 | . . . 7 10 4 . 2 6 . 1 . 2 1 . 1 2 . . . . . . 1 . 1 . 1 . Hunter 14 | . . . . . . . 1 . . . . . 1 . 3 . . . . . 2 4 . . 1 . 2 . Programmer 19 | . . . . . 3 . 1 . . . . . . . 2 . . . . 2 4 5 1 1 . . . . Heavy 1 | . . . . . . . . . . . . . . . . . . . . . . . . . . . 1 . Behemoth 4 | . . . . . . . . . . . . . . . 1 . 1 1 . 1 . . . . . . . . Cetus Guard 3 | . . . . . . . . . 3 . . . . . . . . . . . . . . . . . . . Enhanced Grunt 1 | . . . . . . . . . . 1 . . . . . . . . . . . . . . . . . . Striker 2 | . . . . . . . . . . . . . . 2 . . . . . . . . . . . . . . Executioner 2 | . . . . . . . . . . . . . . 2 . . . . . . . . . . . . . . Assembled 3 | . . . . . . . . . . . . . . . . . . . . . . . . . . . 3 . Thug 1 | . . . . . . . . . . 1 . . . . . . . . . . . . . . . . . . Best Kill Streak 11 | 1 3 3 11 5 5 . 3 2 4 2 1 6 7 6 5 4 1 5 . 8 10 7 2 3 5 4 9 1 Combat Bots Only 8 | . 3 3 5 5 5 . 3 2 3 1 1 6 7 6 5 4 1 5 . 8 4 4 2 1 1 3 8 1 Max Kills in Single Turn 5 | 1 1 1 2 2 2 . 2 1 1 3 1 2 2 1 2 2 1 3 . 5 4 3 1 1 2 2 3 1 Gunslinging 1 | . . . . 1 . . . . . . . 1 1 . 1 . . . . . . . . . . . 1 . Exploded 5 | . . . 1 . . . . . 1 . . . . . . 2 . 3 . 5 4 1 . . . . . . Melee 1 | . . . . . . . . . . . . . . . . . . . . . . . 1 1 . . . . Uniques/NPCs Destroyed 1 | . . . . . . . . . . . . . . . . . . . . . . . . . . . . 1 Architect (-1/Access_0) Combat | -11 -10 -10 -9 -9 -9 -9 -6 -6 -6 -6 -5 -5 -5 -5 -4 -4 -4 -4 -4 -3 -3 -3 -2 -2 -2 -1 -1 -1 -------- Run | Yrd Mat Min Mat Sto Rec Scr Fac Ext Cet Arc Fac Upp Upp War Pro Fac Upp Upp Zhi Pro Res Tes Res Qua Sec Acc Com Ac0 Hostile Shots Fired 1823 | . 59 17 113 82 46 . 109 108 17 7 22 53 144 83 162 19 6 14 . 54 60 162 17 16 122 122 173 36 Missed 566 | . 16 6 27 25 16 . 42 43 6 2 7 10 27 34 32 4 4 3 . 22 20 42 11 7 44 49 54 13 Hits 1257 | . 43 11 86 57 30 . 67 65 11 5 15 43 117 49 130 15 2 11 . 32 40 120 6 9 78 73 119 23 Melee 8 | . . . . . . . . . . . . . . 1 . . . . . . . . . . . 5 2 . Projectile 1249 | . 43 11 86 57 30 . 67 65 11 5 15 43 117 48 130 15 2 11 . 32 40 120 6 9 78 68 117 23 AOE 20 | . . . . . . . . . . . . . . . . . . . . . . . . . 3 1 16 . Critical Strikes 51 | . . . 3 1 . . 1 1 2 . . 1 3 4 3 . . . . 2 3 2 . . 4 4 17 . Actively Blocked 13 | . . . . . . . . 1 . . . 1 3 . 3 . . . . 2 3 . . . . . . . Part Disruptions 1 | . . . . . . . 1 . . . . . . . . . . . . . . . . . . . . . Damage Taken 21850 | . 525 132 1052 710 463 . 894 828 254 119 285 794 2034 1181 2088 496 117 251 . 466 838 1882 200 246 1875 1125 2712 283 Core 3558 | . 128 51 187 90 60 . 75 61 85 . . 70 101 123 56 . . . . 41 87 248 55 23 550 403 965 99 Absorbed by Shields 2473 | . . . . . . . 80 145 89 . . . . . . 33 90 263 . 489 648 636 . . . . . . Reduced by Siege Mode 213 | . . . . . . . . . . . . 43 42 . 122 . . . . 6 . . . . . . . . Ignored by Resistances 4920 | . . . . . . . . . . . . . . . 448 . . . . . . . . . 491 1080 2608 293 Regen/Repaired (Parts) 6130 | . . . . . . 179 . . . . . . . 368 . . . . . . . . . 147 351 . 5085 . Core Remaining (%) 57 | 100 . 28 . . . 15 . . . 74 . . . . 65 . . . . 96 . 74 . . 50 . . 13 Volleys Fired 700 | 1 47 18 72 55 21 . 39 40 5 26 8 13 35 34 44 11 2 5 . 16 15 72 14 . 28 16 58 5 Largest 4 | 2 2 2 3 3 3 . 4 4 2 4 4 4 4 4 4 1 1 1 . 1 1 3 2 . 3 3 3 1 Hottest 400 | 70 70 66 177 153 69 . 189 189 86 230 140 140 140 345 316 300 300 300 . 300 300 188 100 . 300 400 300 300 Shots Fired 1748 | 2 94 36 209 164 62 . 149 129 9 89 32 52 127 75 94 11 2 5 . 16 16 90 26 . 57 43 154 5 Gun 1451 | 2 74 . 209 164 62 . 88 80 . 89 32 52 127 43 79 11 2 5 . 16 14 37 24 . 53 42 146 . Cannon 286 | . 20 36 . . . . 61 49 . . . . . 32 15 . . . . . . 53 2 . 4 1 8 5 Launcher 9 | . . . . . . . . . 9 . . . . . . . . . . . . . . . . . . . Special 2 | . . . . . . . . . . . . . . . . . . . . . 2 . . . . . . . Kinetic 943 | 1 57 36 9 150 62 . 88 80 . 85 32 52 127 . 58 . . . . . . 48 26 . 32 . . . Thermal 516 | 1 37 . 200 14 . . 61 49 . 4 . . . 63 21 11 2 5 . 16 14 . . . 4 1 8 5 Explosive . | . . . . . . . . . . . . . . . . . . . . . . . . . . . . . Electromagnetic 9 | . . . . . . . . . 9 . . . . . . . . . . . . . . . . . . . Slashing 209 | . . . . . . . . . . . . . . . . . . . . . . . . . 21 42 146 . Entropic 69 | . . . . . . . . . . . . . . 12 15 . . . . . . 42 . . . . . . Robot Hit Streak 33 | 1 6 7 11 27 14 . 11 15 8 8 5 12 11 10 14 10 5 6 . 33 6 7 6 . 16 6 10 2 Robot Miss Streak 13 | . 4 2 7 4 3 . 3 2 . 6 3 2 6 4 3 5 1 5 . 7 8 10 13 . 3 3 4 1 Penetration Max 1 | . . . . . . . . . . 1 1 . 1 1 1 . . . . . . 1 1 . 1 1 1 . Secondary Targets 39 | . 1 . 4 7 3 . . . . . . 2 8 . 3 . . . . . . . 1 . . 2 8 . Max Gunslinging Chain 1 | . 1 . 1 1 1 . . . . . . 1 1 . 1 . . . . . . . 1 . . 1 1 . Shots Hit Robots 1100 | 1 59 19 118 114 46 . 97 94 4 45 16 38 74 44 69 10 2 5 . 12 13 49 20 12 41 18 77 3 Core Hits 606 | 1 24 8 52 43 17 . 46 34 20 21 6 17 32 14 21 17 5 11 . 63 49 36 11 5 16 6 30 1 Critical Kills 37 | . . . . . . . 2 2 . 4 . . 12 1 . . . . . . . 12 4 . . . . . Critical Parts Destroyed 52 | . . . . 2 . . . . . 3 3 4 7 . 2 . . . . . . 11 11 . 6 . 3 . Critical Strikes 149 | . 3 1 16 3 . . 2 3 . 9 3 5 19 8 10 . . . . . . 35 15 1 10 1 4 1 Burn 20 | . 3 . 16 1 . . . . . . . . . . . . . . . . . . . . . . . . Meltdown 4 | . . . . . . . 1 2 . . . . . 1 . . . . . . . . . . . . . . Destroy 95 | . . . . 2 . . 1 1 . 9 3 5 19 . 2 . . . . . . 23 15 . 10 . 4 1 Blast 1 | . . 1 . . . . . . . . . . . . . . . . . . . . . . . . . . Sever 2 | . . . . . . . . . . . . . . . . . . . . . . . . 1 . 1 . . Sunder 27 | . . . . . . . . . . . . . . 7 8 . . . . . . 12 . . . . . . Melee Attacks 70 | . . . . . . . . . . . . . . . . . . . . . . . 13 25 32 . . . Impact . | . . . . . . . . . . . . . . . . . . . . . . . . . . . . . Slashing 70 | . . . . . . . . . . . . . . . . . . . . . . . 13 25 32 . . . Piercing . | . . . . . . . . . . . . . . . . . . . . . . . . . . . . . Sneak Attacks 9 | . . . . . . . . . . . . . . . . . . . . . . . 2 3 4 . . . Combat Hostiles . | . . . . . . . . . . . . . . . . . . . . . . . . . . . . . Follow-up Attacks . | . . . . . . . . . . . . . . . . . . . . . . . . . . . . . Damage Inflicted 46104 | 10 762 404 2081 1798 796 . 1744 2197 808 1443 529 986 2187 3043 2919 606 276 422 . 3514 2578 2603 1102 1451 2727 921 6997 1200 Guns 23110 | 10 491 . 1867 1778 793 . 858 1163 . 1443 529 986 2174 934 1627 33 31 41 . 96 67 250 184 . 1537 921 5297 . Cannons 10974 | . 271 396 . . . . 886 1034 . . . . . 2109 1292 . . . . . . 2086 . . . . 1700 1200 Explosions 8373 | . . . 214 . . . . . 808 . . . . . . 573 245 381 . 3418 2467 267 . . . . . . Melee 3467 | . . . . . . . . . . . . . . . . . . . . . . . 918 1451 1098 . . . Ramming 180 | . . 8 . 20 3 . . . . . . . 13 . . . . . . . 44 . . . 92 . . . Kinetic 12607 | 10 477 396 117 1682 793 . 858 1163 . 1380 529 986 2174 . 1250 . . . . . . 359 184 . 249 . . . Thermal 16477 | . 285 . 1750 96 . . 886 1034 85 63 . . . 1649 377 606 276 422 . 3514 2534 . . . . . 1700 1200 Explosive . | . . . . . . . . . . . . . . . . . . . . . . . . . . . . . Electromagnetic 1204 | . . . 214 . . . . . 723 . . . . . . . . . . . . 267 . . . . . . Impact . | . . . . . . . . . . . . . . . . . . . . . . . . . . . . . Slashing 10973 | . . . . . . . . . . . . . . . . . . . . . . . 918 1451 2386 921 5297 . Piercing . | . . . . . . . . . . . . . . . . . . . . . . . . . . . . . Entropic 4663 | . . . . . . . . . . . . . . 1394 1292 . . . . . . 1977 . . . . . . Highest Corruption 90 | . . . . . 2 2 . . 69 90 . . . . 2 . . . . . 5 8 1 1 1 . . . Average Corruption 16 | . . . . . 1 2 . . 29 74 . . . . 1 . . . . . 3 5 1 1 1 . . . Corruption Purged 18 | . . . . . . . . . . 18 . . . . . . . . . . . . . . . . . . Corruption Blocked . | . . . . . . . . . . . . . . . . . . . . . . . . . . . . . Effects 128 | . . . . . 13 . . . 25 46 . . . . 1 . . . . . 12 25 . 2 4 . . . Message Errors 32 | . . . . . 4 . . . 5 8 . . . . . . . . . . 2 12 . 1 . . . . Matter Fused 23 | . . . . . 5 . . . 5 6 . . . . . . . . . . 4 1 . 1 1 . . . Heat Flow Errors 20 | . . . . . . . . . 7 6 . . . . . . . . . . 3 4 . . . . . . Energy Discharges 15 | . . . . . 3 . . . 3 4 . . . . . . . . . . 1 4 . . . . . . Parts Rejected 2 | . . . . . . . . . . . . . . . 1 . . . . . . . . . 1 . . . Parts Fused 1 | . . . . . . . . . . 1 . . . . . . . . . . . . . . . . . . Data Loss (minor) 7 | . . . . . . . . . 3 4 . . . . . . . . . . . . . . . . . . Data Loss (major) 5 | . . . . . . . . . . 1 . . . . . . . . . . 1 2 . . 1 . . . Misfires 6 | . . . . . . . . . . 3 . . . . . . . . . . 1 1 . . 1 . . . Alerts 2 | . . . . . . . . . 1 . . . . . . . . . . . . 1 . . . . . . Weapon Failures 15 | . . . . . 1 . . . 1 13 . . . . . . . . . . . . . . . . . . Overload Shots 4 | . . . . . . . . . . . . . . 1 3 . . . . . . . . . . . . . Overflow Damage 1209 | . . . . . . . 6 33 . . . . . 78 176 3 8 . . 15 8 154 247 200 181 . 100 . Projectiles 532 | . . . . . . . 6 33 . . . . . 78 176 . . . . . . 139 . . . . 100 . Explosions 49 | . . . . . . . . . . . . . . . . 3 8 . . 15 8 15 . . . . . . Melee 628 | . . . . . . . . . . . . . . . . . . . . . . . 247 200 181 . . . Knockbacks 15 | . 3 5 . 1 . . . . . . . . . . . . . . . . . 6 . . . . . . Impact 1 | . . . . 1 . . . . . . . . . . . . . . . . . . . . . . . . Kinetic 14 | . 3 5 . . . . . . . . . . . . . . . . . . . 6 . . . . . . Secondary . | . . . . . . . . . . . . . . . . . . . . . . . . . . . . . Self-Inflicted Damage 1543 | . . . . . . . . . . . . . . . . 209 173 205 . 190 590 176 . . . . . . Shots 67 | . . . . . . . . . . . . . . . . 10 8 8 . 9 28 4 . . . . . . Rammed 8 | . . . . 3 1 . . . . . . . 1 . . . . . . . 3 . . . . . . . Targets Rammed 11 | . . 1 . 4 1 . . . . . . . 1 . . . . . . . 3 . . . 1 . . . Kicked 1 | . . . . . . . . . . . . . . . . . . . . . . . . . 1 . . . Crushed 2 | . . 1 . 1 . . . . . . . . . . . . . . . . . . . . . . . . Highest Temperature 442 | 30 196 48 308 90 33 . 295 260 204 250 74 222 312 108 196 . . 146 . 367 254 189 442 . 216 134 86 163 Average Temperature 73 | 18 72 16 94 10 11 . 76 103 73 92 31 113 126 45 96 . . 65 . 128 107 66 91 . 72 37 35 134 Received Heat Transfer 3086 | . 273 72 441 216 123 . 63 106 4 18 99 207 495 340 159 40 . 17 . 30 14 . . . 144 90 135 . Effects 5 | . . . . . . . 1 . . . . . . . . . . . . . . . 4 . . . . . Shutdowns 1 | . . . . . . . . . . . . . . . . . . . . . . . 1 . . . . . Energy Bleed 3 | . . . . . . . 1 . . . . . . . . . . . . . . . 2 . . . . . Interference 1 | . . . . . . . . . . . . . . . . . . . . . . . 1 . . . . . Siege Activations 6 | . . . . . . . . . . . . 1 2 . 1 . . 1 . 1 . . . . . . . . Total Turns 142 | . . . . . . . . . . . . 20 51 . 59 . . 3 . 9 . . . . . . . . Longest Duration 59 | . . . . . . . . . . . . 20 26 . 59 . . 3 . 9 . . . . . . . . Martial Activations . | . . . . . . . . . . . . . . . . . . . . . . . . . . . . . Shielding Activations . | . . . . . . . . . . . . . . . . . . . . . . . . . . . . . Robots Disrupted . | . . . . . . . . . . . . . . . . . . . . . . . . . . . . . Combat Hostiles . | . . . . . . . . . . . . . . . . . . . . . . . . . . . . . Robots Corrupted 2 | . . . . . . . . . 2 . . . . . . . . . . . . . . . . . . . Combat Hostiles 2 | . . . . . . . . . 2 . . . . . . . . . . . . . . . . . . . Parts Fried 5 | . . . . . . . . . 3 . . . . . . . . . . . . 2 . . . . . . Impact Corruptions . | . . . . . . . . . . . . . . . . . . . . . . . . . . . . . Robots Melted 12 | . 1 . 2 . . . 1 3 . . . . . 1 . 1 1 1 . . 1 . . . . . . . Combat Hostiles 11 | . 1 . 2 . . . . 3 . . . . . 1 . 1 1 1 . . 1 . . . . . . . Parts Melted 69 | . 3 . 12 1 . . 1 7 . . . . . 2 . 1 5 2 . 22 13 . . . . . . . Heat Transferred 21983 | . 1073 . 5624 296 . . 1582 1631 100 111 . . . 1480 409 896 546 770 . 4501 2964 . . . . . . . Parts Sabotaged . | . . . . . . . . . . . . . . . . . . . . . . . . . . . . . Parts Stolen . | . . . . . . . . . . . . . . . . . . . . . . . . . . . . . Parts Stripped . | . . . . . . . . . . . . . . . . . . . . . . . . . . . . . Power Chain Reactions 3 | . . . . . . . . . 1 . . . . . . . . . . . . 2 . . . . . . Alert | -11 -10 -10 -9 -9 -9 -9 -6 -6 -6 -6 -5 -5 -5 -5 -4 -4 -4 -4 -4 -3 -3 -3 -2 -2 -2 -1 -1 -1 ------- Run | Yrd Mat Min Mat Sto Rec Scr Fac Ext Cet Arc Fac Upp Upp War Pro Fac Upp Upp Zhi Pro Res Tes Res Qua Sec Acc Com Ac0 Maximum Alert Level 5 | . . . 2 2 1 . 2 2 1 1 1 . . . . . . . . . 1 2 2 1 5 5 5 . Low Security (%) 45 | 100 100 100 20 8 96 . 40 . 2 91 87 . . . . 100 . . . . 73 59 . 64 15 . . . Level 1 31 | . . . 53 56 3 . 19 67 97 8 12 . . . . . . . . . 26 7 30 35 53 . . . Level 2 18 | . . . 25 35 . . 39 32 . . . . . . . . . . . . . 32 69 . 16 . . . Level 3 . | . . . . . . . . . . . . . . . . . . . . . . . . . . 48 . . Level 4 . | . . . . . . . . . . . . . . . . . . . . . . . . . . 18 36 . Level 5 . | . . . . . . . . . . . . . . . . . . . . . . . . . . . 33 . High Security . | . . . . . . . . . . . . . . . . . . . . . . . . . . . 29 . Max Security . | . . . . . . . . . . . . . . . . . . . . . . . . . 14 32 . . Peak Influence 1965 | 5 138 117 503 474 211 . 621 460 371 237 234 . . . . 114 . . . . 254 674 537 326 1842 1876 1965 . Initial 1200 | . . 51 6 208 139 . . 296 228 122 11 . . . . 44 . . . . 112 72 378 285 137 1108 1200 . Average 277 | . 41 73 270 346 135 . 289 342 286 136 96 . . . . 44 . . . . 170 220 459 205 514 1308 1617 . Influence Increases 12284 | 5 351 156 931 705 401 . 1067 1085 353 331 318 230 495 215 360 180 30 175 . 485 394 983 319 240 813 318 1267 77 Destroy 0b10 Robot/C 5840 | . 220 120 480 440 240 . 400 540 160 80 120 200 440 180 300 120 20 140 . 400 220 360 80 60 100 60 360 . Destroy 0b10 Robot/NC 510 | 5 15 10 65 40 5 . 65 40 10 40 5 . . 5 . 10 . . . 10 75 30 25 10 30 5 10 . Destroy Leader 1036 | . 52 10 160 142 . . 138 46 . . 20 . 40 . 60 30 10 20 . 60 44 62 40 10 2 10 80 . Allied During Kill 1170 | . . . . . 21 . 248 373 151 102 72 30 . . . . . . . . . . . . . . 173 . Successful Hack 352 | . 17 . 26 6 12 . 69 64 . . 8 . . . . 14 . . . . . 43 18 43 24 . 8 . Select Force Hacks 240 | . 30 . 90 . 120 . . . . . . . . . . . . . . . . . . . . . . . Disable Machine 1050 | . . . 75 15 . . 120 . 15 90 30 . . . . . . . . . . 255 15 90 165 15 165 . Destroy Structure 1246 | . 2 1 5 2 3 . 27 7 17 19 48 . . . . 6 . . . . 10 68 21 12 267 198 456 77 Partial Spotted 165 | . . . 15 30 . . . . . . . . . . . . . . . . . . 30 15 60 15 . . Lose Combat Pursuer 675 | . 15 15 15 30 . . . 15 . . 15 . 15 30 . . . 15 . 15 45 165 90 . 165 15 15 . Influence Decreases 13856 | 5 219 271 453 843 686 72 462 1282 454 603 353 146 475 144 465 221 59 166 9 318 431 439 486 502 360 789 1156 1987 Entered New Map 5850 | . . 81 11 287 218 72 . 309 180 185 24 . 17 104 175 26 11 . 9 . 55 58 296 222 108 739 676 1987 Time Decay 6304 | 5 189 190 402 546 458 . 382 583 254 318 207 96 398 30 230 195 48 166 . 308 356 271 190 130 222 50 80 . Lost Part 450 | . 30 . 40 10 10 . 20 30 . . . 10 60 10 60 . . . . 10 20 110 . . 30 . . . Lost Ally 1000 | . . . . . . . 60 360 20 100 20 40 . . . . . . . . . . . . . . 400 . Purge Threat 252 | . . . . . . . . . . . 102 . . . . . . . . . . . . 150 . . . . Squads Dispatched 65 | . 2 . 4 2 . . 8 1 . . . . 1 . . . . . . . 10 6 1 1 13 8 8 . Investigation 11 | . 1 . 3 1 . . . . . . . . 1 . . . . . . . 3 . . . 1 1 . . Extermination 8 | . . . . . . . 2 . . . . . . . . . . . . . . 3 1 1 1 . . . Reinforcement 26 | . 1 . . 1 . . 6 1 . . . . . . . . . . . . 7 3 . . 2 1 4 . Assault 17 | . . . 1 . . . . . . . . . . . . . . . . . . . . . 6 6 4 . Garrison . | . . . . . . . . . . . . . . . . . . . . . . . . . . . . . Intercept 3 | . . . . . . . . . . . . . . . . . . . . . . . . . 3 . . . Searches Triggered . | . . . . . . . . . . . . . . . . . . . . . . . . . . . . . Construction Impeded 5 | . . . . . . . 2 1 . . . . . . . . . . . . 1 1 . . . . . . Haulers Reinforced 2 | . . . . . . . 1 . . . . . . . . . . . . . 1 . . . . . . . Active Scanning Responses . | . . . . . . . . . . . . . . . . . . . . . . . . . . . . . Cargo Convoy Interrupts . | . . . . . . . . . . . . . . . . . . . . . . . . . . . . . Stealth | -11 -10 -10 -9 -9 -9 -9 -6 -6 -6 -6 -5 -5 -5 -5 -4 -4 -4 -4 -4 -3 -3 -3 -2 -2 -2 -1 -1 -1 --------- Run | Yrd Mat Min Mat Sto Rec Scr Fac Ext Cet Arc Fac Upp Upp War Pro Fac Upp Upp Zhi Pro Res Tes Res Qua Sec Acc Com Ac0 Distress Signals 17 | . . . 2 4 . . 1 2 2 . . . . . . . . . . . 4 . . . 2 . . . Communications Jammed 61 | . . . . . . . . . . . . . . . . . . . . . . . 21 . 1 39 . . Distress Signals 53 | . . . . . . . . . . . . . . . . . . . . . . . 21 . 1 31 . . Times Spotted 468 | . 16 7 30 29 11 . 28 30 8 19 6 10 23 47 16 7 1 7 . 17 33 26 19 6 27 14 26 5 Peak Tracking Total 16 | . 4 2 5 5 4 . 3 6 5 2 5 6 7 12 5 4 1 4 . 9 8 6 5 2 16 10 7 4 Tactical Retreats 29 | . 1 1 1 2 . . . 1 . . 1 . 1 1 . . . 1 . 1 1 6 3 . 6 1 1 . Traps | -11 -10 -10 -9 -9 -9 -9 -6 -6 -6 -6 -5 -5 -5 -5 -4 -4 -4 -4 -4 -3 -3 -3 -2 -2 -2 -1 -1 -1 ------- Run | Yrd Mat Min Mat Sto Rec Scr Fac Ext Cet Arc Fac Upp Upp War Pro Fac Upp Upp Zhi Pro Res Tes Res Qua Sec Acc Com Ac0 Traps Triggered 17 | . . . . . . . . 3 . . . . . . . 2 . . . . 4 2 2 1 . 3 . . Indirectly . | . . . . . . . . . . . . . . . . . . . . . . . . . . . . . Trap Hack Attempts . | . . . . . . . . . . . . . . . . . . . . . . . . . . . . . Triggered . | . . . . . . . . . . . . . . . . . . . . . . . . . . . . . Disarmed . | . . . . . . . . . . . . . . . . . . . . . . . . . . . . . Reprogrammed . | . . . . . . . . . . . . . . . . . . . . . . . . . . . . . Reused . | . . . . . . . . . . . . . . . . . . . . . . . . . . . . . Traps Extracted . | . . . . . . . . . . . . . . . . . . . . . . . . . . . . . Installed . | . . . . . . . . . . . . . . . . . . . . . . . . . . . . . Triggered . | . . . . . . . . . . . . . . . . . . . . . . . . . . . . . Machines | -11 -10 -10 -9 -9 -9 -9 -6 -6 -6 -6 -5 -5 -5 -5 -4 -4 -4 -4 -4 -3 -3 -3 -2 -2 -2 -1 -1 -1 ---------- Run | Yrd Mat Min Mat Sto Rec Scr Fac Ext Cet Arc Fac Upp Upp War Pro Fac Upp Upp Zhi Pro Res Tes Res Qua Sec Acc Com Ac0 Machines Disabled 81 | . . . 5 1 . . 8 1 1 6 2 3 2 1 . . . . . . . 18 1 6 14 1 11 . Max in Single Turn 3 | . . . 3 1 . . . 1 1 1 . 1 1 1 . . . . . . . 3 1 1 2 1 1 . Machines Repaired . | . . . . . . . . . . . . . . . . . . . . . . . . . . . . . Machines Dismantled 1 | . . . . . . . . . 1 . . . . . . . . . . . . . . . . . . . Machines Sabotaged . | . . . . . . . . . . . . . . . . . . . . . . . . . . . . . Overloaded Fab Kills . | . . . . . . . . . . . . . . . . . . . . . . . . . . . . . Hacking | -11 -10 -10 -9 -9 -9 -9 -6 -6 -6 -6 -5 -5 -5 -5 -4 -4 -4 -4 -4 -3 -3 -3 -2 -2 -2 -1 -1 -1 --------- Run | Yrd Mat Min Mat Sto Rec Scr Fac Ext Cet Arc Fac Upp Upp War Pro Fac Upp Upp Zhi Pro Res Tes Res Qua Sec Acc Com Ac0 Machines Accessed 100 | . 8 . 10 8 10 . 7 12 . . 4 1 2 1 . 3 . . 4 . . 6 6 8 5 1 4 . Terminals 80 | . 6 . 7 7 6 . 6 12 . . 3 1 1 . . 3 . . . . . 5 5 8 5 1 4 . Fabricators 3 | . . . . . . . 1 . . . 1 . . . . . . . . . . 1 . . . . . . Repair Stations . | . . . . . . . . . . . . . . . . . . . . . . . . . . . . . Recycling Units 10 | . 2 . 2 1 4 . . . . . . . . . . . . . . . . . 1 . . . . . Scanalyzers 1 | . . . 1 . . . . . . . . . . . . . . . . . . . . . . . . . Garrison Access . | . . . . . . . . . . . . . . . . . . . . . . . . . . . . . Total Hacks 241 | . 17 . 27 19 26 . 12 23 . . 10 3 7 1 . 13 . . 17 . . 14 14 19 10 3 6 . Successful 134 | . 10 . 19 11 15 . 7 13 . . 7 3 7 1 . 4 . . 17 . . 5 5 7 2 . 1 . Failed 107 | . 7 . 8 8 11 . 5 10 . . 3 . . . . 9 . . . . . 9 9 12 8 3 5 . Catastrophic 23 | . . . . 1 . . 2 1 . . 1 . . . . 4 . . . . . 4 3 2 2 2 1 . Database Lockouts . | . . . . . . . . . . . . . . . . . . . . . . . . . . . . . Manual 91 | . 13 . 17 13 16 . 6 8 1 . 1 . . . . 4 . . . . . 5 2 5 . . . . Terminals 188 | . 11 . 22 17 14 . 10 23 . . 9 3 6 . . 13 . . . . . 11 11 19 10 3 6 . Fabricators 6 | . . . . . . . 2 . . . 1 . . . . . . . . . . 3 . . . . . . Repair Stations . | . . . . . . . . . . . . . . . . . . . . . . . . . . . . . Recycling Units 27 | . 6 . 4 2 12 . . . . . . . . . . . . . . . . . 3 . . . . . Scanalyzers 1 | . . . 1 . . . . . . . . . . . . . . . . . . . . . . . . . Garrison Access . | . . . . . . . . . . . . . . . . . . . . . . . . . . . . . Terminal Hacks 75 | . 1 . 6 4 1 . 3 8 . . 6 3 7 1 . 2 . . 17 . . 3 4 6 2 . 1 . Record 15 | . . . . . . . . . . . . 3 6 . . . . . 5 . . . . 1 . . . . Part Schematic 4 | . . . . . . . . . . . . . . . . . . . 4 . . . . . . . . . Robot Analysis 4 | . . . . . . . . . . . . . . . . . . . 4 . . . . . . . . . Prototype ID Bank 8 | . . . 1 . . . . . . . 1 . . . . . . . 4 . . 1 . 1 . . . . Open Door 10 | . . . . 1 . . 1 5 . . . . 1 1 . . . . . . . . . . 1 . . . Open DSF 1 | . . . . . . . . . . . . . . . . . . . . . . . 1 . . . . . Level Access Points 3 | . . . . . . . 1 . . . . . . . . . . . . . . 1 . 1 . . . . Branch Access Points 6 | . . . 1 1 . . 1 . . . 1 . . . . . . . . . . . 1 1 . . . . Emergency Access Points 1 | . . . 1 . . . . . . . . . . . . . . . . . . . . . . . . . Alert Level 2 | . . . . . . . . 1 . . . . . . . . . . . . . . 1 . . . . . Unreport Threat 2 | . . . . . . . . . . . 1 . . . . . . . . . . . . 1 . . . . Hauler Manifests 3 | . . . 2 . . . . . . . . . . . . . . . . . . . 1 . . . . . Registered Components 3 | . . . . . . . . 1 . . 1 . . . . 1 . . . . . . . . . . . . Registered Prototypes 1 | . . . . . . . . . . . 1 . . . . . . . . . . . . . . . . . Zone Layout 11 | . 1 . 1 2 1 . . 1 . . 1 . . . . 1 . . . . . 1 . 1 1 . . . Disengage Seal 1 | . . . . . . . . . . . . . . . . . . . . . . . . . . . 1 . Fabricator Hacks 3 | . . . . . . . 1 . . . 1 . . . . . . . . . . 1 . . . . . . Network Status 3 | . . . . . . . 1 . . . 1 . . . . . . . . . . 1 . . . . . . Repair Station Hacks . | . . . . . . . . . . . . . . . . . . . . . . . . . . . . . Recycling Unit Hacks 8 | . 2 . 2 1 3 . . . . . . . . . . . . . . . . . . . . . . . Retrieve Components 8 | . 2 . 2 1 3 . . . . . . . . . . . . . . . . . . . . . . . Scanalyzer . | . . . . . . . . . . . . . . . . . . . . . . . . . . . . . Garrison Access Hacks . | . . . . . . . . . . . . . . . . . . . . . . . . . . . . . Unauthorized Hacks 48 | . 7 . 11 6 11 . 3 5 . . . . . . . 2 . . . . . 1 1 1 . . . . Terminals 40 | . 6 . 8 6 7 . 3 5 . . . . . . . 2 . . . . . 1 1 1 . . . . Assimilate 1 | . . . . . . . . . . . . . . . . . . . . . . 1 . . . . . . Botnet 9 | . 1 . 3 1 2 . . . . . . . . . . . . . . . . . 1 1 . . . . Skim 30 | . 5 . 5 5 5 . 3 5 . . . . . . . 2 . . . . . . . . . . . . Fabricators . | . . . . . . . . . . . . . . . . . . . . . . . . . . . . . Repair Stations . | . . . . . . . . . . . . . . . . . . . . . . . . . . . . . Recycling Units 7 | . 1 . 2 . 4 . . . . . . . . . . . . . . . . . . . . . . . Tunnel 7 | . 1 . 2 . 4 . . . . . . . . . . . . . . . . . . . . . . . Scanalyzers 1 | . . . 1 . . . . . . . . . . . . . . . . . . . . . . . . . Extract 1 | . . . 1 . . . . . . . . . . . . . . . . . . . . . . . . . Garrison Access . | . . . . . . . . . . . . . . . . . . . . . . . . . . . . . Data Cores Recovered 6 | . 1 . 1 1 . . . . . . . . . . . . . . . . . . . 2 . . 1 . Used 2 | . . . 1 . . . . . . . . . . . . . . . . . . . . 1 . . . . Hacking Detections 80 | . 7 . 8 7 7 . 6 8 1 . 3 1 1 . . 3 . . . . . 6 6 8 4 1 3 . Full Trace Events 5 | . . . . 1 . . . . . . . 1 1 . . . . . . . . . . . 1 1 . . Feedback Events . | . . . . . . . . . . . . . . . . . . . . . . . . . . . . . Feedback Blocked . | . . . . . . . . . . . . . . . . . . . . . . . . . . . . . Robot Schematics Acquired 3 | . . . . . . . . . . . . . . . . . . . . . . 1 . 2 . . . . Robots Built . | . . . . . . . . . . . . . . . . . . . . . . . . . . . . . Authchips . | . . . . . . . . . . . . . . . . . . . . . . . . . . . . . Time . | . . . . . . . . . . . . . . . . . . . . . . . . . . . . . Total Robot Build Rating . | . . . . . . . . . . . . . . . . . . . . . . . . . . . . . Part Schematics Acquired 22 | . . . 4 . . . . . . . . . . . . . . . 4 . . 1 . 6 7 . . . Parts Built . | . . . . . . . . . . . . . . . . . . . . . . . . . . . . . Authchips . | . . . . . . . . . . . . . . . . . . . . . . . . . . . . . Time . | . . . . . . . . . . . . . . . . . . . . . . . . . . . . . Total Part Build Rating . | . . . . . . . . . . . . . . . . . . . . . . . . . . . . . Parts Repaired . | . . . . . . . . . . . . . . . . . . . . . . . . . . . . . Time . | . . . . . . . . . . . . . . . . . . . . . . . . . . . . . Parts Recycled . | . . . . . . . . . . . . . . . . . . . . . . . . . . . . . Recycled Matter . | . . . . . . . . . . . . . . . . . . . . . . . . . . . . . Retrieved Matter . | . . . . . . . . . . . . . . . . . . . . . . . . . . . . . Retrieved Components 49 | . 12 . 19 10 8 . . . . . . . . . . . . . . . . . . . . . . . Parts Scanalyzed . | . . . . . . . . . . . . . . . . . . . . . . . . . . . . . Part Schematics Acquired . | . . . . . . . . . . . . . . . . . . . . . . . . . . . . . Parts Damaged . | . . . . . . . . . . . . . . . . . . . . . . . . . . . . . Bothacking | -11 -10 -10 -9 -9 -9 -9 -6 -6 -6 -6 -5 -5 -5 -5 -4 -4 -4 -4 -4 -3 -3 -3 -2 -2 -2 -1 -1 -1 ------------ Run | Yrd Mat Min Mat Sto Rec Scr Fac Ext Cet Arc Fac Upp Upp War Pro Fac Upp Upp Zhi Pro Res Tes Res Qua Sec Acc Com Ac0 Used RIF Installer . | . . . . . . . . . . . . . . . . . . . . . . . . . . . . . Robots Hacked 2 | . . . . . . . . . . . . . . . . . . . . . 2 . . . . . . . Non-combat . | . . . . . . . . . . . . . . . . . . . . . . . . . . . . . Combat 2 | . . . . . . . . . . . . . . . . . . . . . 2 . . . . . . . Robot Hacks Applied 2 | . . . . . . . . . . . . . . . . . . . . . 2 . . . . . . . parse_system 2 | . . . . . . . . . . . . . . . . . . . . . 2 . . . . . . . Relay Couplers Released . | . . . . . . . . . . . . . . . . . . . . . . . . . . . . . Fabnet Peak Effective % . | . . . . . . . . . . . . . . . . . . . . . . . . . . . . . Robots Rewired 31 | . . . . . 15 . . 16 . . . . . . . . . . . . . . . . . . . . Allies Hacked . | . . . . . . . . . . . . . . . . . . . . . . . . . . . . . Hacks Repelled . | . . . . . . . . . . . . . . . . . . . . . . . . . . . . . Allies | -11 -10 -10 -9 -9 -9 -9 -6 -6 -6 -6 -5 -5 -5 -5 -4 -4 -4 -4 -4 -3 -3 -3 -2 -2 -2 -1 -1 -1 -------- Run | Yrd Mat Min Mat Sto Rec Scr Fac Ext Cet Arc Fac Upp Upp War Pro Fac Upp Upp Zhi Pro Res Tes Res Qua Sec Acc Com Ac0 Total Allies 98 | . . 1 . . 15 . . 23 5 . . . . . . . . . . . . . . . . 8 46 . Largest Group 15 | . . 1 1 . 15 15 15 15 14 13 3 2 . . . . . . . . . . . . . 8 13 . Highest-Rated Group 834 | . . 31 31 . 215 215 215 390 834 803 205 116 . . . . . . . . . . . . . 116 402 . Highest-Rated Ally 234 | . . 31 31 . 34 34 34 159 159 159 96 96 . . . . . . . . . . . . . 15 234 . Total Orders 4 | . . . . . . . . . . 4 . . . . . . . . . . . . . . . . . . STAY 1 | . . . . . . . . . . 1 . . . . . . . . . . . . . . . . . . DROP 1 | . . . . . . . . . . 1 . . . . . . . . . . . . . . . . . . PICKUP 1 | . . . . . . . . . . 1 . . . . . . . . . . . . . . . . . . COLLECT 1 | . . . . . . . . . . 1 . . . . . . . . . . . . . . . . . . Ally Attacks 463 | . . 6 . . 13 . 118 157 45 44 11 6 . . . . . . . . . . . . . . 63 . Total Damage 10298 | . . 64 . . 260 . 2192 3058 1233 1621 528 139 . . . . . . . . . . . . . . 1203 . Kills 65 | . . 1 . . 2 . 21 22 6 4 5 1 . . . . . . . . . . . . . . 3 . Allies Corrupted 2 | . . . . . . . 1 . . . 1 . . . . . . . . . . . . . . . . . Allies Melted 5 | . . . . . . . 1 . . . . . . 4 . . . . . . . . . . . . . . Intel | -11 -10 -10 -9 -9 -9 -9 -6 -6 -6 -6 -5 -5 -5 -5 -4 -4 -4 -4 -4 -3 -3 -3 -2 -2 -2 -1 -1 -1 ------- Run | Yrd Mat Min Mat Sto Rec Scr Fac Ext Cet Arc Fac Upp Upp War Pro Fac Upp Upp Zhi Pro Res Tes Res Qua Sec Acc Com Ac0 Active Infowar (turns) 20547 | 30 539 . 1164 1568 1156 1171 1341 1814 545 710 527 433 945 1630 482 488 868 719 461 994 805 832 396 263 520 143 3 . Sensors 1809 | . . . . . . . . . . . . . . . . . . . . . . 747 396 263 403 . . . Seismic 569 | 30 539 . . . . . . . . . . . . . . . . . . . . . . . . . . . T.N.C. 544 | . . . . . . . 544 . . . . . . . . . . . . . . . . . . . . . Machine Analysis 19721 | . . . 1164 1568 1156 1171 1341 1814 545 710 527 433 945 1630 482 488 868 719 461 994 805 832 396 263 409 . . . Jamming 1433 | . . . . . . . . . . . . . . . . . . . . . . 172 396 261 459 143 2 . ECM 1 | . . . . . . . . . . . . . . . . . . . . . . . . . . . 1 . Robot Analysis Total 4 | . . . . . . . . . . . . . . . . . . . 4 . . . . . . . . . Derelict Logs Recovered 6 | . . 1 . . . . . . . . . . 2 . 1 . 1 1 . . . . . . . . . . Drone Launches . | . . . . . . . . . . . . . . . . . . . . . . . . . . . . . Drone Recoveries . | . . . . . . . . . . . . . . . . . . . . . . . . . . . . . Exploration | -11 -10 -10 -9 -9 -9 -9 -6 -6 -6 -6 -5 -5 -5 -5 -4 -4 -4 -4 -4 -3 -3 -3 -2 -2 -2 -1 -1 -1 ------------- Run | Yrd Mat Min Mat Sto Rec Scr Fac Ext Cet Arc Fac Upp Upp War Pro Fac Upp Upp Zhi Pro Res Tes Res Qua Sec Acc Com Ac0 Turns Passed 21946 | 96 1018 380 1236 1568 1156 1222 1341 1814 545 710 527 433 945 1630 482 488 868 719 461 994 805 832 396 263 540 166 296 15 Spaces Moved 12222 | 62 473 159 509 799 492 709 687 756 185 173 292 231 492 903 211 266 399 268 172 358 336 527 721 527 874 237 388 16 Core 20 | 20 . . . . . . . . . . . . . . . . . . . . . . . . . . . . Treads 9001 | 42 473 159 509 722 492 709 687 756 185 173 292 231 492 903 211 266 399 268 172 358 336 166 . . . . . . Legs 717 | . . . . . . . . . . . . . . . . . . . . . . . . . 201 197 303 16 Wheels 77 | . . . . 77 . . . . . . . . . . . . . . . . . . . . . . . . Hover 2100 | . . . . . . . . . . . . . . . . . . . . . . 361 721 527 491 . . . Flight . | . . . . . . . . . . . . . . . . . . . . . . . . . . . . . Fastest Speed 17 | 50 160 160 160 115 160 160 160 162 160 160 160 160 160 160 160 160 160 255 170 255 173 35 17 17 17 30 30 30 Average Speed 141 | 124 160 160 160 157 160 162 162 194 161 160 160 160 160 160 160 160 215 255 249 255 192 97 30 26 28 30 30 30 Slowest Speed 325 | 160 240 160 160 240 160 240 243 325 242 160 160 160 160 240 160 160 255 255 255 255 255 270 108 92 89 30 30 30 Overloaded Moves 37 | . . . . . . . . . . . . . . . . . . . . . . . 13 11 13 . . . Propulsion Burnouts . | . . . . . . . . . . . . . . . . . . . . . . . . . . . . . Robots Hopped . | . . . . . . . . . . . . . . . . . . . . . . . . . . . . . Potential Cave-ins 2 | . . . . . . . . . 1 . . . . . . . . . . . . . . . . . 1 . Cave-ins Triggered . | . . . . . . . . . . . . . . . . . . . . . . . . . . . . . Teleports 2 | . . . . . . . . . . . . . . . . . . . . . . . . . . . 1 1 Microwarps 28 | . . . . . . . . . . . . . . . . . . . . . . . . . 15 4 9 . Exploration Rate (%) 47 | 6 65 34 55 87 96 55 26 87 66 79 7 50 60 87 46 7 65 41 60 64 12 50 23 64 56 8 19 2 Regions Visited 28 Branch Regions 20 Pre-discovered Areas 23 | . 3 1 4 1 9 . . . . . . . 1 . . . 1 . 3 . . . . . . . . . Known Exits Taken 14 | . . 1 1 1 1 . 1 . . 1 1 1 . . 1 . . . . . 1 1 1 1 1 . . . Unknown Exits Taken 14 | 1 1 . . . . 1 . 1 1 . . . 1 1 . 1 1 1 1 1 . . . . . 1 1 . Scrap Searched 9 | . . . . . . 2 . . . . . 1 1 . . . 2 2 . 1 . . . . . . . . Spaces Dug 151 | . . . . . . . . . . . . . . . . . . . . . . 3 2 4 78 42 22 . Terrain Destroyed 627 | . 2 1 . . . . . 2 2 25 12 19 55 15 30 . . 6 . . . 37 5 4 110 70 207 25 Melee 11 | . . . . . . . . . . . . . . . . . . . . . . . 1 4 6 . . . Projectile 557 | . 2 1 . . . . . 2 . 25 12 19 55 15 30 . . . . . . 26 4 . 64 70 207 25 AOE 45 | . . . . . . . . . 2 . . . . . . . . 6 . . . . . . 37 . . . Terrain Rammed . | . . . . . . . . . . . . . . . . . . . . . . . . . . . . . Walls Destroyed . | . . . . . . . . . . . . . . . . . . . . . . . . . . . . . Machines Disabled . | . . . . . . . . . . . . . . . . . . . . . . . . . . . . . Actions | -11 -10 -10 -9 -9 -9 -9 -6 -6 -6 -6 -5 -5 -5 -5 -4 -4 -4 -4 -4 -3 -3 -3 -2 -2 -2 -1 -1 -1 --------- Run | Yrd Mat Min Mat Sto Rec Scr Fac Ext Cet Arc Fac Upp Upp War Pro Fac Upp Upp Zhi Pro Res Tes Res Qua Sec Acc Com Ac0 Total 15552 | 78 646 248 774 985 815 783 818 1012 419 545 331 264 565 1036 277 306 402 294 207 409 467 749 847 603 946 280 424 22 Wait 1710 | . 103 70 138 80 194 55 29 110 142 299 29 8 22 26 16 2 . 18 . 31 87 64 61 19 55 47 5 . Move 11915 | 61 472 158 508 798 491 708 686 755 184 172 291 230 491 902 210 265 398 267 171 357 335 526 720 526 707 200 311 15 Hop . | . . . . . . . . . . . . . . . . . . . . . . . . . . . . . Pick Up 299 | 9 15 1 21 15 1 8 24 11 21 14 . 6 6 20 3 9 . 2 16 2 10 13 13 8 39 3 8 1 Fast Attach 61 | 2 . . 1 1 . . 9 . . 4 . . . 2 . . . . . . 1 10 3 9 12 1 6 . Attach 187 | 5 4 . 8 6 1 4 5 6 19 4 1 4 5 16 4 9 1 . 5 1 5 20 6 . 22 7 18 1 Detach 32 | . . . . . 2 . 1 1 9 . . . . 3 . . . . 1 . 1 5 2 . 1 2 4 . Swap 109 | . 1 . 10 9 2 3 10 7 5 11 2 . 3 10 . 6 1 2 5 . 3 13 5 1 . . . . Drop 270 | . 4 . 16 17 3 5 15 4 26 15 . 3 2 23 . 4 . . 9 2 7 24 10 15 48 4 14 . Fire 700 | 1 47 18 72 55 21 . 39 40 5 26 8 13 35 34 44 11 2 5 . 16 15 72 14 . 28 16 58 5 Melee 70 | . . . . . . . . . . . . . . . . . . . . . . . 13 25 32 . . . Ram . | . . . . . . . . . . . . . . . . . . . . . . . . . . . . . Kick . | . . . . . . . . . . . . . . . . . . . . . . . . . . . . . Crush 10 | . . 1 . 4 1 . . . . . . . 1 . . . . . . . 3 . . . . . . . Escape Stasis 10 | . . . . . . . . 6 . . . . . . . . . . . . . 2 . . 2 . . . Rewire 171 | . . . . . 99 . . 72 . . . . . . . . . . . . . . . . . . . . Trap . | . . . . . . . . . . . . . . . . . . . . . . . . . . . . . Miscellaneous 8 | . . . . . . . . . 8 . . . . . . . . . . . . . . . . . . . Route ------- -11/Scrapyard -10/Materials (discovered 4 exits: *Mat / [*Min x2] / Sub) -10/Mines -9/Materials (discovered 7 exits: *Mat x3 / *Min x2 / *Sto x2) -9/Storage (discovered 2 exits: *Mat / *Rec) -9/Recycling (discovered 2 exits: *Fac / *Scr) -9/Scraptown -6/Factory (discovered 8 exits: *Fac x4 / Low x2 / *Ext x2) -6/Extension (discovered 2 exits: *Fac / *Cet) -6/Cetus (discovered 2 exits: *Fac / [*Arc]) -6/Archives (discovered 3 exits: *Fac / [*Hub x2]) -5/Factory (discovered 2 exits: *Upp x2) -5/Upper Caves -5/Upper Caves (discovered 2 exits: Fac / *War) -5/Warlord -4/Proximity Caves -4/Factory -4/Upper Caves -4/Upper Caves -4/Zhirov -3/Proximity Caves -3/Research (discovered 2 exits: Res / *Tes) -3/Testing -2/Research (discovered 4 exits: *Acc x2 / *Qua x2) -2/Quarantine (discovered 2 exits: *Sec / *Frg) -2/Section 7 -1/Access -1/Command (discovered 2 exits: [*Sur] / [*Ac0]) -1/Access_0 Near Former Tau Ceti IV History --------- Turn | Location | Event 6 | -11/Scrapyard | Discovered new exit (range 16) 97 | -11/Scrapyard | Entered Materials 182 | -10/Materials | Discovered new exit (range 7) 182 | -10/Materials | Discovered new exit (range 18) 307 | -10/Materials | Build established: Mutant 849 | -10/Materials | Discovered new exit (range 6) 952 | -10/Materials | Learned 2 Mines zone layouts 982 | -10/Materials | Learned Storage emergency access door positions 1002 | -10/Materials | Learned location of 1 exit from Recycling 1012 | -10/Materials | Loaded intel: 12 trap records 1013 | -10/Materials | Learned location of Recycling (-9) 1019 | -10/Materials | Core integrity fell below 50% 1071 | -10/Materials | Identified exit to Subcaves 1115 | -10/Materials | Entered Mines 1116 | -10/Mines | Identified exit to Materials 1164 | -10/Mines | Excavation squad dispatched 1164 | -10/Mines | A large section of the Mines collapsed 1295 | -10/Mines | Received a Mining Laser from a helpful Derelict 1323 | -10/Mines | Learned location of Zion (-6) 1495 | -10/Mines | Entered Materials 1495 | -9/Materials | Accompanied by 1 ally 1495 | -9/Materials | Evolved 2 slots: Utility x1, Weapon x1 1496 | -9/Materials | Identified exit to Mines 1786 | -9/Materials | Identified exit to Storage 1897 | -9/Materials | Discovered new exit (range 15) 1985 | -9/Materials | Identified exit to Materials 2047 | -9/Materials | Learned location of 1 exit from Recycling 2048 | -9/Materials | Learned Storage trap positions 2051 | -9/Materials | Learned location of 3 exits from Materials 2063 | -9/Materials | Learned Storage security intel 2085 | -9/Materials | Build established: Scavenger-Skirmisher 2695 | -9/Materials | First assault squad dispatched 2731 | -9/Materials | Entered Storage 2732 | -9/Storage | Loaded intel: 16 trap records 2956 | -9/Storage | Core integrity fell below 50% 3009 | -9/Storage | Build established: Skirmisher 3352 | -9/Storage | Identified exit to Recycling 3822 | -9/Storage | Learned Materials emergency access door positions 3889 | -9/Storage | Learned location of 3 exits from Materials 3907 | -9/Storage | Learned Materials garrison access intel 3916 | -9/Storage | Learned Materials trap positions 3917 | -9/Storage | Learned Materials emergency access door positions 3918 | -9/Storage | Learned location of 1 exit from Recycling 3946 | -9/Storage | Learned Storage emergency access door positions 4291 | -9/Storage | Used back door to open Recycling access 4299 | -9/Storage | Entered Recycling 4300 | -9/Recycling | Identified exit to Factory 4300 | -9/Recycling | Identified exit to Scraptown 4700 | -9/Recycling | Build established: Commander-Skirmisher 4977 | -9/Recycling | Learned location of Storage (-9) 4996 | -9/Recycling | Core integrity fell below 20% 5092 | -9/Recycling | Learned Materials non-interactive machine intel 5120 | -9/Recycling | Learned Materials non-interactive machine intel 5121 | -9/Recycling | Learned Materials emergency access door positions 5150 | -9/Recycling | Learned Storage trap positions 5254 | -9/Recycling | Scanned before Scraplab entrance 5321 | -9/Recycling | Entered Scraplab 5455 | -9/Recycling | Entered Scraptown 5455 | -9/Scraptown | Accompanied by 15 allies 5471 | -9/Scraptown | System corruption cleaned by C-Scrubber 5530 | -9/Scraptown | Build established: Commander-Mutant 5645 | -9/Scraptown | Visited Spacefarers 5672 | -9/Scraptown | Heard Great Nut preacher, LISTEN AND RECITE! 5701 | -9/Scraptown | Visited Cyclists 5727 | -9/Scraptown | Visited Assassins FH 5746 | -9/Scraptown | Visited CR-KLE's Repair Center 5791 | -9/Scraptown | Visited Awakened 5805 | -9/Scraptown | Visited TADAMA 5818 | -9/Scraptown | Visited The Evicted 6215 | -9/Scraptown | Build established: Commander-Skirmisher 6322 | -9/Scraptown | Discovered new exit (range 13) 6477 | -9/Scraptown | CR-KLE repaired 4 parts 6677 | -9/Scraptown | Entered Factory 6677 | -6/Factory | Accompanied by 15 allies 6677 | -6/Factory | Evolved 6 slots: Propulsion x2, Utility x3, Weapon x1 6961 | -6/Factory | Identified exit to Factory 7479 | -6/Factory | Identified exit to Lower Caves 7479 | -6/Factory | Identified exit to Extension 8018 | -6/Factory | Entered Extension 8018 | -6/Extension | Accompanied by 6 allies 8126 | -6/Extension | Rescued a captive Derelict 8135 | -6/Extension | Rescued a captive Derelict 8175 | -6/Extension | Build established: Scavenger-Tank 8327 | -6/Extension | Lost 3 allies 8479 | -6/Extension | Build established: Commander-Tank 8882 | -6/Extension | Spotted B-75 Beast 8906 | -6/Extension | Spotted B-75 Beast 8921 | -6/Extension | Allies destroyed B-75 Beast 8931 | -6/Extension | Allies destroyed B-75 Beast 8953 | -6/Extension | Lost 3 parts (2n1w) 8957 | -6/Extension | Lost 4 allies 9098 | -6/Extension | Rescued a captive Derelict 9202 | -6/Extension | Rescued a captive Derelict 9343 | -6/Extension | Lost 3 allies 9362 | -6/Extension | Rescued a captive Derelict 9364 | -6/Extension | Rescued a captive Derelict 9390 | -6/Extension | Lost 3 allies 9467 | -6/Extension | Lost 4 allies 9574 | -6/Extension | Rescued A7 9754 | -6/Extension | Learned location of 1 exit from Proximity Caves 9783 | -6/Extension | Discovered exit to Factory (range 10) 9785 | -6/Extension | Discovered new exit (range 6) 9792 | -6/Extension | Learned 4 Factory zone layouts 9818 | -6/Extension | Learned location of 1 exit from Upper Caves 9832 | -6/Extension | Entered Cetus 9832 | -6/Cetus | Accompanied by 10 allies (A7) 9837 | -6/Cetus | Acquired a Cetus Manufacturing Module code from A7 9862 | -6/Cetus | Spotted Cetus Guard 9862 | -6/Cetus | Spotted Cetus Guard 9865 | -6/Cetus | Spotted Cetus Guard 9869 | -6/Cetus | Allies destroyed Cetus Guard 9873 | -6/Cetus | Destroyed Cetus Guard 9874 | -6/Cetus | Destroyed Cetus Guard 9874 | -6/Cetus | Spotted Cetus Guard 9876 | -6/Cetus | Destroyed Cetus Guard 9914 | -6/Cetus | System corruption reached 10% 10017 | -6/Cetus | Started Cetus Manufacturing Module 10042 | -6/Cetus | Manufactured an Enhanced Grunt 10052 | -6/Cetus | Escorted A7 to Cetus Mainframe 10067 | -6/Cetus | Manufactured an Enhanced Grunt 10092 | -6/Cetus | Manufactured an Enhanced Grunt 10117 | -6/Cetus | Manufactured an Enhanced Grunt 10142 | -6/Cetus | Manufactured an Enhanced Grunt 10169 | -6/Cetus | Discovered new exit (range 16) 10201 | -6/Cetus | Spotted Cetus Guard 10201 | -6/Cetus | Spotted Cetus Guard 10204 | -6/Cetus | Spotted Cetus Guard 10204 | -6/Cetus | Spotted Cetus Guard 10207 | -6/Cetus | Allies destroyed Cetus Guard 10209 | -6/Cetus | Allies destroyed Cetus Guard 10219 | -6/Cetus | Allies destroyed Cetus Guard 10223 | -6/Cetus | Allies destroyed Cetus Guard 10232 | -6/Cetus | Discovered exit to Factory (range 15) 10244 | -6/Cetus | Met Revision 17 10261 | -6/Cetus | System corruption reached 30% 10377 | -6/Cetus | Entered Archives 10377 | -6/Archives | Accompanied by 13 allies (A7) 10382 | -6/Archives | Received a hacking code to weaken MAIN.C 10447 | -6/Archives | Lost 6 allies 10452 | -6/Archives | Found Prototype Device 10453 | -6/Archives | Identified Exp. Thermal Shield 10463 | -6/Archives | Found Exp. Thermal Shield 10534 | -6/Archives | Build established: Scavenger-Tank 10556 | -6/Archives | Discovered new exit (range 15) 10575 | -6/Archives | Discovered new exit (range 14) 10679 | -6/Archives | Discovered exit to Factory (range 15) 11087 | -6/Archives | Entered Factory 11087 | -5/Factory | Accompanied by 3 allies 11087 | -5/Factory | Evolved 2 slots: Power x1, Utility x1 11261 | -5/Factory | Discovered new exit (range 15) 11319 | -5/Factory | Identified exit to Upper Caves 11614 | -5/Factory | Entered Upper Caves 11614 | -5/Upper Caves | Accompanied by 2 allies 11615 | -5/Upper Caves | Identified exit to Upper Caves 11853 | -5/Upper Caves | Attracted the attention of an 0b10 checkpoint 11920 | -5/Upper Caves | Attracted the attention of an 0b10 base 11923 | -5/Upper Caves | Learned Armory garrison access intel 11923 | -5/Upper Caves | Learned Extension stockpile data 11923 | -5/Upper Caves | Learned Research emergency access door positions 12047 | -5/Upper Caves | Entered another Upper Caves area 12076 | -5/Upper Caves | Attracted the attention of an 0b10 checkpoint 12135 | -5/Upper Caves | Destroyed 7 combat bots 12209 | -5/Upper Caves | Attracted the attention of an 0b10 base 12212 | -5/Upper Caves | Learned Extension garrison access intel 12212 | -5/Upper Caves | Learned Factory terminal intel 12212 | -5/Upper Caves | Learned Armory security intel 12212 | -5/Upper Caves | Learned Research emergency access door positions 12260 | -5/Upper Caves | Destroyed 7 combat bots 12536 | -5/Upper Caves | Lost 5 parts (2p1n2w) 12622 | -5/Upper Caves | Discovered new exit (range 7) 12813 | -5/Upper Caves | Learned Factory terminal intel 12841 | -5/Upper Caves | Identified exit to Factory 12992 | -5/Upper Caves | Entered Warlord 13118 | -5/Warlord | Found Prototype Reactor 13123 | -5/Warlord | Identified Vortex Chain Reactor 13136 | -5/Warlord | Found Prototype Hackware 13140 | -5/Warlord | Found Prototype Processor 13143 | -5/Warlord | Found Prototype Device 13598 | -5/Warlord | Met Warlord 13623 | -5/Warlord | Warlord's base attacked by MAIN.C 13973 | -5/Warlord | Warlord forces counterattacked 13987 | -5/Warlord | Identified Exp. Target Analyzer 13999 | -5/Warlord | Found Prototype Energy Gun 14144 | -5/Warlord | Found Prototype Energy Cannon 14145 | -5/Warlord | Identified Vortex Cannon 14148 | -5/Warlord | Found Prototype Energy Cannon 14149 | -5/Warlord | Identified Vortex Driver 14160 | -5/Warlord | Found Vortex Cannon 14167 | -5/Warlord | Found Vortex Driver 14171 | -5/Warlord | Identified Exp. Focal Shield 14236 | -5/Warlord | Spotted B-86 Titan 14242 | -5/Warlord | Spotted B-75 Beast 14246 | -5/Warlord | Spotted Striker 14298 | -5/Warlord | Warlord base infiltrated, sounded retreat 14414 | -5/Warlord | Spotted Executioner 14437 | -5/Warlord | Spotted Executioner 14447 | -5/Warlord | Spotted Striker 14459 | -5/Warlord | Destroyed Striker 14485 | -5/Warlord | Spotted Executioner 14493 | -5/Warlord | Destroyed Executioner 14519 | -5/Warlord | Lost 12 allies 14524 | -5/Warlord | Spotted Striker 14524 | -5/Warlord | Spotted Executioner 14537 | -5/Warlord | Destroyed Executioner 14547 | -5/Warlord | Destroyed Striker 14577 | -5/Warlord | Lost 7 allies 14606 | -5/Warlord | Discovered new exit (range 12) 14622 | -5/Warlord | Entered Proximity Caves 14624 | -4/Proximity Caves | Attracted the attention of an 0b10 checkpoint 14707 | -4/Proximity Caves | Lost 4 allies 14751 | -4/Proximity Caves | Spotted B-86 Titan 14789 | -4/Proximity Caves | Destroyed B-86 Titan 14811 | -4/Proximity Caves | Lost 4 parts (1n2u1w) 14853 | -4/Proximity Caves | Learned 8 Research zone layouts 15104 | -4/Proximity Caves | Entered Factory 15104 | -4/Factory | Evolved 2 slots: Utility x1, Weapon x1 15105 | -4/Factory | Loaded intel: 26 terminal locations 15107 | -4/Factory | Identified Plasma Storm 15187 | -4/Factory | Identified Ghost Barrier 15297 | -4/Factory | Spotted B-86 Titan 15564 | -4/Factory | Discovered new exit (range 3) 15592 | -4/Factory | Entered Upper Caves 15639 | -4/Upper Caves | Learned location of Quarantine (-2) 15853 | -4/Upper Caves | Spotted B-86 Titan 15859 | -4/Upper Caves | Destroyed B-86 Titan 16168 | -4/Upper Caves | Build established: Hacker-Tank 16435 | -4/Upper Caves | Discovered new exit (range 7) 16460 | -4/Upper Caves | Entered another Upper Caves area 16924 | -4/Upper Caves | Learned 12 Research zone layouts 17023 | -4/Upper Caves | Spotted B-86 Titan 17031 | -4/Upper Caves | Destroyed B-86 Titan 17141 | -4/Upper Caves | Discovered new exit (range 15) 17179 | -4/Upper Caves | Entered Zhirov 17179 | -4/Zhirov | Discovered new exit (range 3) 17225 | -4/Zhirov | Met Zhirov 17276 | -4/Zhirov | Learned location of Command (-1) 17302 | -4/Zhirov | Zhirov requested help retrieving the SGEMP Prototype 17341 | -4/Zhirov | Found Alien Artifact 17342 | -4/Zhirov | Identified Integrated Reactor 17342 | -4/Zhirov | Installed Integrated Reactor, increased core energy generation (+10) 17373 | -4/Zhirov | Found Alien Artifact 17640 | -4/Zhirov | Entered Proximity Caves 18000 | -3/Proximity Caves | Spotted B-86 Titan 18008 | -3/Proximity Caves | Destroyed B-86 Titan 18241 | -3/Proximity Caves | Destroyed 8 combat bots 18611 | -3/Proximity Caves | Discovered new exit (range 5) 18634 | -3/Proximity Caves | Entered Research 18634 | -3/Research | Evolved 2 slots: Propulsion x2 18635 | -3/Research | Identified exit to Testing 18635 | -3/Research | Identified exit to Research 18834 | -3/Research | Revision forces began assault on 0b10 18889 | -3/Research | Met up with Revision 17++ 19334 | -3/Research | Research terminal network offline 19439 | -3/Research | Entered Testing 19629 | -3/Testing | Found Prototype Ballistic Cannon 19630 | -3/Testing | Identified Omega Cannon 19657 | -3/Testing | Found Prototype Device 19658 | -3/Testing | Identified Exp. EM Disruption Field 19802 | -3/Testing | Found Prototype Ballistic Cannon 19802 | -3/Testing | Identified Perforator 19955 | -3/Testing | Scanned by Researcher 19999 | -3/Testing | Lost 3 parts (2p1n) 20069 | -3/Testing | Lost 7 parts (1p2n3u1w) 20115 | -3/Testing | Found Prototype Ballistic Gun 20115 | -3/Testing | Identified Hyp. Multirail 20271 | -3/Testing | Entered Research 20271 | -2/Research | Evolved 2 slots: Propulsion x1, Utility x1 20278 | -2/Research | Discovered new exit (range 14) 20282 | -2/Research | Identified exit to Access 20308 | -2/Research | Identified exit to DSF 20359 | -2/Research | Build established: Scavenger-Scout 20589 | -2/Research | Identified exit to Quarantine 20626 | -2/Research | Spotted B-90 Cyclops 20626 | -2/Research | Allied Derelicts emerged from ambush trap array 20638 | -2/Research | Discovered exit to Access (range 14) 20665 | -2/Research | Spotted B-90 Cyclops 20667 | -2/Research | Entered Quarantine 20675 | -2/Quarantine | Found Alien Slashing Weapon 20675 | -2/Quarantine | Identified Sigix Broadsword 20678 | -2/Quarantine | Lost 3 allies 20690 | -2/Quarantine | Found Alien Artifact 20690 | -2/Quarantine | Identified Phase Redirector 20729 | -2/Quarantine | Found Alien Artifact 20729 | -2/Quarantine | Identified Core Reset Matrix 20729 | -2/Quarantine | Identified Transdimensional Reconstructor 20729 | -2/Quarantine | Used Core Reset Matrix 20733 | -2/Quarantine | Detected hypermatrix surge 20733 | -2/Quarantine | Sensed 7 artifacts in vicinity 20760 | -2/Quarantine | Found Subatomic Replicator 20848 | -2/Quarantine | Found Sigix Corpse 20856 | -2/Quarantine | Found Sigix Corpse 20879 | -2/Quarantine | Found Core Cannon 20911 | -2/Quarantine | Spotted Fortress 20928 | -2/Quarantine | Discovered new exit (range 5) 20928 | -2/Quarantine | Discovered new exit (range 6) 20929 | -2/Quarantine | Identified exit to Protoforge 20929 | -2/Quarantine | Identified exit to Section 7 20930 | -2/Quarantine | Entered Section 7 20931 | -2/Section 7 | Detected hypermatrix surge 20931 | -2/Section 7 | Sensed 25 artifacts in vicinity 20951 | -2/Section 7 | Found Integrated Dissipator 20951 | -2/Section 7 | Installed Integrated Dissipator, increased core heat dissipation (+20) 20958 | -2/Section 7 | Discovered exit to Access (range 15) 20974 | -2/Section 7 | Build established: Scavenger-Ninja 20989 | -2/Section 7 | Found Integrity Redistributor 21033 | -2/Section 7 | Spotted Alpha 7 21035 | -2/Section 7 | Found Microwarp Drive 21037 | -2/Section 7 | Spotted S7 Guard 21037 | -2/Section 7 | Spotted Alpha 7 21043 | -2/Section 7 | Found Integrated Thermoelectric Network 21043 | -2/Section 7 | Installed Integrated Thermoelectric Network, gained heat-energy exchange potential 21061 | -2/Section 7 | Spotted S7 Guard 21063 | -2/Section 7 | Found Core Membrane 21063 | -2/Section 7 | Installed Core Membrane, gained immunity to corruption 21088 | -2/Section 7 | Spotted S7 Guard 21094 | -2/Section 7 | Found Core Regenerator 21249 | -2/Section 7 | Spotted Executioner 21249 | -2/Section 7 | Spotted Executioner 21254 | -2/Section 7 | Lost 3 parts (1p2n) 21259 | -2/Section 7 | Spotted B-99 Colossus 21267 | -2/Section 7 | Found Integrity Redistributor 21269 | -2/Section 7 | Found Integrity Redistributor 21270 | -2/Section 7 | Found Integrity Redistributor 21279 | -2/Section 7 | Found LRC Energy Well 21280 | -2/Section 7 | Installed LRC Energy Well, increased energy storage capacity (+250) 21281 | -2/Section 7 | Found LRC Inertial Stabilizer 21282 | -2/Section 7 | Installed LRC Inertial Stabilizer, increased mass support (+10) 21304 | -2/Section 7 | Found Integrated Reactor 21305 | -2/Section 7 | Installed Integrated Reactor, increased core energy generation (+10) 21345 | -2/Section 7 | Integrated with Sigix Exoskeleton 21459 | -2/Section 7 | Scanned by Researcher 21460 | -2/Section 7 | Intercept squad dispatched 21468 | -2/Section 7 | Spotted Tracker 21469 | -2/Section 7 | Spotted Tracker 21470 | -2/Section 7 | Entered Access 21470 | -1/Access | Evolved 2 slots: Utility x1, Weapon x1 21473 | -1/Access | Used Subatomic Replicator to replicate Sigix Sheargun 21475 | -1/Access | Emitted hypermatrix ping 21480 | -1/Access | Assembled emerged from beneath the floor 21580 | -1/Access | Build established: Alien-Sigix 21604 | -1/Access | Sigix Exoskeleton integrity reduced to 80% 21621 | -1/Access | Discovered new exit (range 18) 21636 | -1/Access | Entered Command 21641 | -1/Command | Emitted hypermatrix ping 21646 | -1/Command | Assembled emerged from beneath the floor 21668 | -1/Command | Disengaged cave seal 21668 | -1/Command | Assembled emerged from the dark tunnel 21735 | -1/Command | Destroyed 8 combat bots 21742 | -1/Command | Lost 10 allies 21785 | -1/Command | Assembled emerged from beneath the floor 21798 | -1/Command | Assembled emerged from beneath the floor 21814 | -1/Command | Used Core Regenerator, restored core integrity (+400) 21815 | -1/Command | Used Integrity Redistributor, redistributed integrity from core (-232) 21816 | -1/Command | High security lockdown imminent 21830 | -1/Command | Spotted M Guard 21830 | -1/Command | Spotted M Guard 21830 | -1/Command | Spotted Combat Programmer 21830 | -1/Command | Spotted Combat Programmer 21865 | -1/Command | Core integrity fell below 50% 21871 | -1/Command | Lost 4 allies 21875 | -1/Command | Used Integrity Redistributor, redistributed integrity to core (+378) 21876 | -1/Command | Sigix Exoskeleton integrity reduced to 60% 21876 | -1/Command | Used Integrity Redistributor, redistributed integrity from core (-619) 21885 | -1/Command | Met MAIN.C 21887 | -1/Command | Core integrity fell below 20% 21890 | -1/Command | 0b10 Conduit disabled 21896 | -1/Command | High security lockdown engaged 21902 | -1/Command | Discovered new exit (range 17) 21902 | -1/Command | MAIN.C activated Command garrisons 21914 | -1/Command | Spotted B-99 Colossus 21916 | -1/Command | Used Integrity Redistributor, redistributed integrity to core (+538) 21917 | -1/Command | Sigix Exoskeleton integrity reduced to 40% 21926 | -1/Command | Warped through subspace to slip node 21926 | -1/Command | Discovered new exit (range 4) 21932 | -1/Command | Entered Access_0 21933 | -1/Access_0 | Sensed 1 artifact in vicinity 21934 | -1/Access_0 | Met Architect 21938 | -1/Access_0 | Sigix Exoskeleton integrity reduced to 20% 21939 | -1/Access_0 | Destroyed Architect 21940 | -1/Access_0 | Architect triggered a singularity event 21942 | -1/Access_0 | Extracted unknown sensor trigger ID from Architect's data core 21943 | -1/Access_0 | Found Hpw. Transdimensional Reconstructor 21944 | -1/Access_0 | Warped through subspace to slip node 21944 | -1/Access_0 | Discovered new exit (range 8) 21947 | *** | Escaped singularity! Last Messages --------------- 21937_ Penetrated by Quantum Shear. 21938_ Exo-853F: "Integrity reduced to 20%, immediate ERK application recommended to prevent critical system failure." 21939_ Beam penetrates Architect. 21939_ Architect: "If I can't win, no one wins!" 21939_ Architect destroyed. 21940_ A0_COM: Initiating irreversible singularity event. Goodbye. 21941_ A0_COM: 10. 21942_ A0_COM: 9. 21942_ Acquired data core, extracted unknown sensor trigger ID. 21943_ A0_COM: 8. 21943_ Acquired Hpw. Transdimensional Reconstructor. 21943_ Core Membrane filtered system corruption (1). 21944_ A0_COM: 7. 21944_ Warped through subspace, drawn to slip node. 21944_ EXIT=FOUND 21945_ A0_COM: 6. 21946_ A0_COM: 5. 21947_ A0_COM: 4. [Achievement: Winner's Signature] Map ----- +----------------------------------------------------+ | | | | | | | | | | | | | | | | | | | | | | | | | | | | | | | | | ???????????#############################?????????? | | ??????????###############################????????? | | ?????????#################################???????? | | ?????????#################################???????? | | ?????????#################################???????? | | ????????###################################??????? | | ????????###################################??????? | | ????????################# #################??????? | | ????????################ ################??????? | | ????????################ X ################??????? | | ???????################# #################?????? | | ???????################ ################??????? | | ???????################ #################??????? | | ???????################# #################?????? | | ???????################ ################??????? | | ???????################ #################??????? | | ??????################# < ################??????? | | ???????################ #################??????? | | ???????################# #################??????? | | ???????###################################???????? | | ???????###################################???????? | | ???????###################################???????? | | ????????#################################????????? | | ????????#################################????????? | | ????????#################################????????? | | ?????????###############################?????????? | | ??????????#############################??????????? | | ??????????#############################??????????? | | ???????????###########################???????????? | | ????????????#########################????????????? | | ?????????????#######################?????????????? | | ???????????????###################???????????????? | | ????????????????#################????????????????? | | ???????????????????###########???????????????????? | +----------------------------------------------------+ Best States ------------- Heat Dissipation 142 Energy Generation 85 Energy Capacity 1030 Matter Stores 314 Matter Capacity 600 Sight Range 16 Robot Scan Range 16 Terrain Scan Density 10 ECM Strength 1 Jamming Range 16 Power Amplification 20 Additional Mass Support 12 Base Temperature (-) 200 Armor Coverage 900 Resistance: KI 50 Resistance: TH 50 Resistance: EX 50 Resistance: EM 50 Resistance: I 50 Resistance: S 50 Resistance: P 50 Power Shielding 90 Weapon Cycling 25 Phase Shifting 10 Evasion (%) 69 Target Analysis 10 Recoil Reduction 6 Particle Charging 25 Offensive Hacking 24 Defensive Hacking 20 Item Schematics ----------------- Prc. Phase Gun | -2/Quarantine | Archive Exp. ECM Suite | -2/Quarantine | Archive Diametric Drive | -2/Quarantine | Archive Ionic Axe | -2/Quarantine | Archive Cld. Linear Gravjet | -2/Quarantine | Archive Exp. Thermal Generator | -2/Quarantine | Archive Exp. Reaction Control System | -2/Section 7 | Archive Adv. Variable Charge Gun | -2/Section 7 | Archive Exp. Matter Compressor | -2/Section 7 | Archive Imp. Energy Well | -2/Section 7 | Archive Hvy. Dispersion Rifle | -2/Section 7 | Archive Exp. Energy Well | -2/Section 7 | Archive Exp. Heat Sink | -2/Section 7 | Archive Robot Schematics ------------------ T-07 Excavator | -2/Quarantine | Archive C-55 Analyst | -2/Quarantine | Archive Fabricated ------------ Nothing Repaired ---------- Nothing Alien Tech Used ----------------- Integrated Reactor Sigix Broadsword Phase Redirector Core Reset Matrix Integrated Dissipator Core Cannon Microwarp Drive Integrated Thermoelectric Network Core Membrane LRC Energy Well LRC Inertial Stabilizer Sigix Exoskeleton Sigix Sheargun Subatomic Replicator Core Regenerator Integrity Redistributor Transdimensional Reconstructor High-powered Transdimensional Reconstructor Achievements -------------- Winner's Signature Challenges ------------ None Game ------ Seed SmartbombGrenadeCharge Manual? 0 Play Time 03:15:59 Cumulative 390.6 hours Start 2025.10.15 @ 16:56:07 End 2025.10.16 @ 01:23:51 Sessions 2 Manual Loads 0 Difficulty Rogue Special Mode None Game No. 509 Rogue 509 Adventurer 0 Explorer 0 Win Type 6 Total 12 Types 6/0/1/2/1/0/2/0/0/0 Lore% 88 Gallery% 84 Achievement% 71 Wizard Run 0 Options --------- Layout 0 ASCII 0 Keyboard 0 Movement Mouse Keybinds 0 Fullscreen 1 Font 24/Tamsyn Map View 76x50 Zoom Use 0% Tactical HUD 1 Map Filters NONE Filters NONE Steam 1 RUN: afdb66f7-ba29-475b-9d2a-3210181ab2e3